 Dungeon Crawl Stone Soup version 0.30-a0-331-g8ab09dc110 (webtiles) character file.

Game seed: 12251873980890686494

293129 Zonian the Warrior (level 21, -15/142 (178) HPs)
             Began as a Djinni Ice Elementalist on Oct 29, 2022.
             Was a High Priest of Ashenzari.
             Killed from afar by a ghostly deep elf death mage (54 damage)
             ... with a bolt of negative energy
             ... on level 3 of the Elven Halls.
             The game lasted 04:06:51 (72256 turns).

Zonian the Warrior (Djinni Ice Elementalist)       Turns: 72256, Time: 04:06:51

HP:   -15/142 (178) AC: 13    Str:  9    XL:     21   Next: 71%
Gold: 2209          EV: 20    Int: 22    God:    Ashenzari [*****.] SH: 12 Dex: 20

rFire   + + .      SeeInvis +    a - +8 rapier of Temperance {venom, rC+ Will+ Str+2 Stlth+}
rCold   . . .      Faith    .    q - +1 buckler of the Manifest Yoke {Melee, Evo} (curse)
rNeg    . . .      Spirit   .    J - +1 ring mail "Iriaqe" {rCorr Stlth+}
rPois   ∞          Reflect  +    W - +2 helmet of the Visionary Chagrin {Regen+, Self, Range} (curse)
rElec   +          Harm     .    B - scarf of the Elysian Seer {shadows, Melee, Evo} (curse)
rCorr   +          Rampage  .    k - +0 pair of gloves of Ashenzari's Morality {Stlth+, Cun, Fort} (curse)
Will    ++++.      Clarity  +    (boots unavailable)
Stlth   ++++++++..               O - amulet of Ashenzari's Blue Moon {Reflect SH+5, Self, Cun} (curse)
HPRegen 1.23/turn                s - ring "Absolutism of Ashenzari" {rElec Will+ Int-4 Dex+4, Evo, Self} (curse)
MPRegen 0.00/turn                S - ring "Enlightened Loss" {Wiz, Cun, Self} (curse)

@: flying, studying Armour, heavily drained
A: sickness immunity, fire resistance 2, cold vulnerability 1, float, innate
caster, HP casting, extra vitality 1
}: 2/15 runes: serpentine, barnacled
a: Renounce Religion, Curse Item, Shatter the Chains


You were on level 3 of the Elven Halls.
You worshipped Ashenzari.
Ashenzari was extremely pleased with you.
You visited 7 branches of the dungeon, and saw 34 of its levels.
You also visited: Bailey.

You collected 3991 gold pieces.
You spent 1782 gold pieces at shops.

Inventory:

Hand Weapons
 a - the +8 rapier of Temperance (weapon) {venom, rC+ Will+ Str+2 Stlth+}
   (You bought it in a shop on level 2 of the Orcish Mines)

   It poisons the flesh of those it strikes.
   Str:       It affects your strength (+2).
   rC:        It protects you from cold.
   Will:      It increases your willpower.
   Stlth:     It makes you more stealthy.
 b - a +5 sling of freezing
 w - a +0 short sword
 A - a +1 antimagic rapier
 L - a +2 dagger of holy wrath
 Q - the +8 demon trident "Rift" {distort, reach+}
   (You took it off a deep elf death mage on level 3 of the Elven Halls)

   It warps and distorts space around it, and may blink, banish, or inflict
   extra damage upon those it strikes.
   Unwielding it can cause banishment or high damage.
   It can reach especially far, and its reaching attacks ignore other creatures
   in the way.
 R - the +6 short sword of Upheaval {holy, rN+ Will+ Int+3 Dex+3}
   (You took it off a deep elf annihilator on level 3 of the Elven Halls)

   It has been blessed by the Shining One to cause great damage to the undead
   and demons.
   Int:       It affects your intelligence (+3).
   Dex:       It affects your dexterity (+3).
   rN:        It protects you from negative energy.
   Will:      It increases your willpower.
Missiles
 f - 12 throwing nets
 y - 10 javelins
 I - 3 silver javelins
 M - 7 curare-tipped darts
 T - 2 boomerangs of dispersal
Armour
 k - the cursed +0 pair of gloves of Ashenzari's Morality (worn) {Stlth+, Cun, Fort}
   (You acquired it on level 12 of the Dungeon)

   Stlth:     It makes you more stealthy.
   It has a curse which improves the following skills: Cunning: Dodging and
   Stealth.
   Fortitude: Armour and Shields.
 q - the cursed +1 buckler of the Manifest Yoke (worn) {Melee, Evo}
   (You took it off a tengu conjurer on level 13 of the Dungeon)

   It has a curse which improves the following skills: Melee Combat: Short
   Blades, Long Blades, Axes, Maces & Flails, Polearms, Staves and Unarmed
   Combat.
   Evocations: Evocations.
 B - the cursed scarf of the Elysian Seer (worn) {shadows, Melee, Evo}
   (You found it on level 1 of the Snake Pit)

   It has a curse which improves the following skills: Melee Combat: Short
   Blades, Long Blades, Axes, Maces & Flails, Polearms, Staves and Unarmed
   Combat.
   Evocations: Evocations.
 J - the +1 ring mail "Iriaqe" (worn) {rCorr Stlth+}
   (You found it on level 12 of the Dungeon)

   rCorr:     It protects you from acid and corrosion.
   Stlth:     It makes you more stealthy.
 W - the cursed +2 helmet of the Visionary Chagrin (worn) {Regen+, Self, Range}
   (You acquired it on level 2 of the Lair of Beasts)

   Regen:     It increases your rate of health regeneration.
   It has a curse which improves the following skills: Introspection: Fighting
   and Spellcasting.
   Ranged Combat: Ranged Weapons and Throwing.
Jewellery
 m - a +4 ring of protection
 s - the cursed ring "Absolutism of Ashenzari" (left hand) {rElec Will+ Int-4 Dex+4, Evo, Self}
   (You found it on level 14 of the Dungeon)

   [ring of willpower]

   Int:       It affects your intelligence (-4).
   Dex:       It affects your dexterity (+4).
   rElec:     It insulates you from electricity.
   Will:      It increases your willpower.
   It has a curse which improves the following skills: Evocations: Evocations.
   Introspection: Fighting and Spellcasting.
 N - a +6 ring of strength
 O - the cursed amulet of Ashenzari's Blue Moon (around neck) {Reflect SH+5, Self, Cun}
   (You took it off a naga warrior on level 1 of the Snake Pit)

   [amulet of reflection]

   It reflects blocked missile attacks.
   SH:        It affects your SH (+5).
   It has a curse which improves the following skills: Introspection: Fighting
   and Spellcasting.
   Cunning:   Dodging and Stealth.
 S - the cursed ring "Enlightened Loss" (right hand) {Wiz, Cun, Self}
   (You found it on level 10 of the Dungeon)

   [ring of wizardry]

   It improves your spell success rate.
   It has a curse which improves the following skills: Cunning: Dodging and
   Stealth.
   Introspection: Fighting and Spellcasting.
Wands
 c - a wand of flame (65)
 i - a wand of light (4)
 n - a wand of polymorph (13)
 x - a wand of paralysis (38)
 G - a wand of mindburst (13)
 H - a wand of iceblast (3)
 X - a wand of digging (14)
Scrolls
 g - 6 scrolls of magic mapping
 h - 3 scrolls of teleportation
 j - 2 scrolls of summoning
 o - a scroll of silence
 z - 5 scrolls of blinking
 F - 3 scrolls of poison
 K - 2 scrolls of enchant armour
 P - a scroll of fear
Potions
 d - 9 potions of curing
 e - 2 potions of cancellation
 p - 2 potions of invisibility
 r - 2 potions of ambrosia
 v - a potion of might
 C - 6 potions of lignification
 D - 5 potions of brilliance
 E - 4 potions of resistance
 V - 5 potions of haste
 Y - 3 potions of berserk rage
 Z - 4 potions of heal wounds
Miscellaneous
 l - a tin of tremorstones (2/2)
 t - a phantom mirror
 u - a lightning rod (4/4)
 U - a phial of floods


   Skills:
 + Level 18.7(23.9) Fighting
 - Level 12.1(15.5) Short Blades
 - Level 6.0(8.3) Ranged Weapons
 - Level 6.0(8.3) Throwing
 - Level 9.0(11.3) Armour
 - Level 12.6(17.1) Dodging
 - Level 8.0(12.5) Stealth
 - Level 2.1(3.9) Shields
 + Level 16.4(21.7) Spellcasting
 + Level 12.2(16.7) Evocations


You had 8 spell levels left.
You knew the following spells:

 Your Spells              Type           Power      Damage    Failure   Level
a - Freeze                Ice            100%       1d10      0%          1
b - Frozen Ramparts       Ice            100%       1d16      0%          3
c - Ozocubu's Armour      Ice            88%        N/A       0%          3
d - Summon Ice Beast      Ice/Summ       88%        N/A       0%          4
e - Foxfire               Conj/Fire      100%       2x1d9     0%          1
f - Momentum Strike       Conj/Tloc      100%       3d10      0%          2
g - Portal Projectile     Hex/Tloc       100%       N/A       0%          3
h - Vampiric Draining     Necr           88%        2d12      0%          3
i - Animate Armour        Summ/Erth      100%       N/A       0%          4
j - Yara's Violent Unrav  Hex/Tmut       44%        3d17      0%          5
k - Iron Shot             Conj/Erth      44%        9d9       1%          6
l - Summon Hydra          Summ           44%        N/A       1%          7
m - Dispersal             Tloc           44%        N/A       1%          6
n - Spellforged Servitor  Conj/Summ      44%        N/A       1%          7
Your spell library was empty.

Dungeon Overview and Level Annotations

Branches:
Dungeon (15/15)            Temple (1/1) D:6            Lair (5/5) D:11
 Shoals (4/4) Lair:2        Snake (4/4) Lair:3        Slime (0/5) Lair:5
    Orc (2/2) D:9             Elf (3/3) Orc:2        Vaults (0/5) D:14
 Depths (0/4) D:15         Bailey (visited)

Altars:
Ashenzari
Cheibriados
Dithmenos
Elyvilon
Fedhas
Gozag
Hepliaklqana
Makhleb
Nemelex Xobeh
Okawaru
Qazlal
Ru
Trog
Uskayaw
Wu Jian
Xom
Yredelemnul
Zin
The Shining One
Jiyva

Shops:
D:1 (   D:5 [   D:12 ?   Orc:1 !   Orc:2 ([*(   Elf:1 ((:(!   Elf:3 ==:

Annotations:
D:6 Grinder
D:12 1 exclusion, Jorgrun
Lair:2 exclusion: oklob plant, Fannar
Lair:5 exclusion: obsidian statue
Shoals:1 3 runed translucent doors, ytrimaz's ghost, journeyman TrTm
Shoals:3 Roxanne


Innate Abilities, Weirdness & Mutations

You are immune to sickness and miasma.
You are immune to poison.
Your flesh is very heat resistant. (rF++)
You are vulnerable to cold. (rC-)
You float through the air rather than walking.
You learn spells naturally, not from books.
Your magical power is your life essence.
You have superior vitality. (+4 MHP)


Message History

Your four-headed hydra bites the deep elf high priest!
Your four-headed hydra closely misses the deep elf high priest.
Unknown command.
You completely miss the deep elf death mage.
The deep elf death mage is almost dead.
The deep elf death mage points at you and mumbles some strange words.
The bolt of negative energy hits you!!!
You feel drained.
The deep elf high priest mumbles some strange prayers to its god against you.
Something smites you!
Unknown command.
Casting: Summon Hydra (mildly dangerous; 1% risk of failure)
Confirm with . or Enter, or press ? or * to list all spells.
Aiming: Iron Shot (safe; 1% risk of failure)
Press: ? - help, Shift-Dir - straight line, f - deep elf death mage
Aim: a deep elf death mage, wielding a +0 long sword (almost dead, spells empowered, very poisoned, ally target, 67% to hit)
The iron shot misses the deep elf death mage.
Your four-headed hydra closely misses the deep elf high priest.
Your four-headed hydra bites the deep elf high priest.
Your four-headed hydra bites the deep elf high priest but does no damage.
Your four-headed hydra bites the deep elf high priest!
The deep elf death mage closely misses you.
The deep elf high priest calls down the wrath of its god upon you.
Something smites you!
* * * LOW HITPOINT WARNING * * *
You puncture the deep elf death mage!
The deep elf death mage looks as sick as possible!
The deep elf death mage is almost dead.
Your four-headed hydra bites the deep elf high priest but does no damage.
Your four-headed hydra bites the deep elf high priest. x3
Unknown command.
You swap places.
Your four-headed hydra disappears in a puff of smoke!
The deep elf death mage looks more healthy.
The lost soul assumes the form of the deep elf death mage and becomes anchored to this world!
The deep elf high priest hits your spellforged servitor with a +1 short sword of protection.
The ghostly deep elf death mage points at you and mumbles some strange words.
The bolt of negative energy hits your spellforged servitor.
Your spellforged servitor completely resists.
The bolt of negative energy hits you!!!
You feel drained.
You die...

#####...)[[[.#♣♣♣♣♣
####.#.#.##### ####.)).).#
####)#### ##...))..##
***###...)..)..###***
**∆∆#....)....)...#∆∆**
***,∆##..[..?.§.....##,∆***
**,,,*#......)@9e.....##,,,**
**,,,,#......)###e.)....#,,,,**
*,,,,,#.....)## ##......#,,,,,*
*,,,,,#....)## ##.)...#,,,,,*
**'**,#.....# #.....#,**'**
**,,,**#.....#* ##))...#**,,,**
*,,,,,*#......## ##......#*,,,,,*
,,,,,,,#.......###.)e....#,,,,,,,
,,,,,,,*#...............##,,,,,,,


You could see a ghostly deep elf death mage (empowered, ally target), a deep elf
high priest (brilliance aura, distracted) and a friendly spellforged servitor
(summoned).

Vanquished Creatures
  Saint Roka (Orc:2)
  The ghost of Sorrimu the Spry, an adept DsDe of Fedhas (Elf:1)
  Zenata (Elf:1)
  Asterion (Elf:1)
  4 deep elf master archers (Elf:3)
  3 deep elf blademasters
  Gastronok (D:8)
  Polyphemus (Shoals:1)
  The ghost of Veiv the Stormcaller, an adept OpAE of Gozag (Elf:1)
  The ghost of Novon the Eclecticist, an adept DsGl of Jiyva (Elf:1)
  8 nagarajas
  2 deep elf sorcerers
  Aizul (Snake:3)
  5 deep elf elementalists (Elf:3)
  An orc warlord (Orc:2)
  The ghost of Ziureph the Basher, a journeyman TrFi of Ashenzari (Orc:2)
  4 deep elf demonologists
  5 deep elf annihilators
  A merfolk javelineer (Shoals:4)
  5 deep elf death magi
  10 merfolk impalers
  6 deep elf high priests (Elf:3)
  2 hydras
  2 vault guards (D:14)
  16 anacondas
  3 merfolk avatars
  A catoblepas (Lair:5)
  Erica (Lair:1)
  5 boulder beetles
  An alligator snapping turtle (Shoals:2)
  An alligator (Shoals:1)
  6 centaur warriors
  3 two-headed ogres
  A merfolk aquamancer (Shoals:1)
  11 naga warriors
  16 dancing weapons
  A tengu warrior (D:15)
  2 orc high priests (Orc:2)
  19 death yaks
  9 shock serpents
  Urug (Orc:2)
  Sonja (Lair:2)
  A fire crab (shapeshifter) (Elf:1)
  11 naga sharpshooters
  5 spectral death yaks (Lair:5)
  Amaemon (Lair:2)
  16 deep elf knights
  2 goliath frogs (Shoals:1)
  4 salamander mystics
  14 sea snakes
  6 naga ritualists
  Pikel (D:9)
  A wizard (D:15)
  10 deep elf archers
  A kraken simulacrum (Shoals:4)
  26 deep elf zephyrmancers
  13 harpies
  35 deep elf pyromancers
  15 mana vipers
  8 orc sorcerers
  7 ugly things
  3 necromancers
  7 cyclopes
  2 orc knights (Orc:2)
  14 manticores
  10 fauns
  5 salamanders
  9 elephants
  4 guardian serpents
  A centaur zombie (D:15)
  7 water nymphs
  6 merfolk sirens
  8 naga magi
  An orange demon (Lair:2)
  A gargoyle (D:12)
  32 black mambas
  13 cane toads
  A torpor snail (Lair:2)
  2 unseen horrors (D:12)
  Maggie (D:8)
  3 rime drakes (Lair:5)
  3 centaur skeletons (D:15)
  9 komodo dragons
  A freezing wraith (D:14)
  A kobold demonologist (D:10)
  2 ice devils (Orc:2)
  3 tengu conjurers
  6 trolls
  A hornet (shapeshifter) (D:15)
  22 merfolk
  3 polar bears
  4 dream sheep (Lair:5)
  11 slime creatures (D:12)
  A spectral elephant (Lair:5)
  12 blink frogs
  4 snapping turtles
  4 wind drakes
  A centaur simulacrum (D:15)
  9 wyverns
  10 humans (D:14)
  6 water elementals
  46 yaks
  A human (shapeshifter) (D:13)
  6 basilisks
  2 vampire mosquitoes (D:15)
  A redback simulacrum (D:15)
  5 wargs (Orc:2)
  48 nagas
  A spectral cane toad (Lair:5)
  24 water moccasins
  3 acid dragons
  34 orc warriors
  2 ice beasts
  5 ogres
  A sky beast (D:7)
  A black bear (D:6)
  An elephant zombie (Lair:5)
  4 wolves (Lair:5)
  15 centaurs
  3 elephant skeletons (Lair:5)
  A lemure (D:9)
  3 gnoll sergeants
  4 earth elementals
  12 bullfrogs
  A kobold brigand (D:9)
  A necrophage (D:5)
  A cane toad simulacrum (Lair:5)
  4 scorpions (D:6)
  9 wights
  An elephant simulacrum (Lair:5)
  9 howler monkeys
  A nameless horror (D:6)
  14 jellies (Lair:5)
  5 hounds
  Crazy Yiuf (D:5)
  21 orc priests
  4 iguanas
  23 orc wizards
  A boggart simulacrum (D:15)
  13 gnolls
  10 adders
  A shadow imp (D:6)
  2 white imps
  3 ufetubi
  2 worms (D:3)
  A dart slug (D:3)
  87 orcs
  8 endoplasms
  A giant cockroach (D:1)
  10 goblins
  6 hobgoblins
  8 kobolds
  2 quokkas
  3 training dummies (Orc:2)
  3 ball pythons
  6 bats
  5 frilled lizards
  2 rats (D:2)
1078 creatures vanquished.

Vanquished Creatures (collateral kills)
  The ghost of MrSquiggles the Warrior, an adept MiFi of Okawaru (Orc:2)
  Frances (Elf:1)
  Kirke (Snake:4)
  4 nagarajas (Snake:4)
  A deep elf sorcerer (Elf:3)
  The ghost of idiolect the Severer, a journeyman HOFi of Hepliaklqana (Elf:1)
  A deep elf elementalist (Elf:3)
  The ghost of Opizon the Basher, a journeyman TrFi of Ashenzari (Elf:1)
  A deep elf annihilator (Elf:3)
  2 deep elf demonologists (Elf:3)
  2 merfolk impalers (Shoals:4)
  A deep elf high priest (Elf:3)
  A merfolk javelineer (Shoals:4)
  A merfolk aquamancer (Shoals:4)
  A catoblepas (Shoals:2)
  An anaconda (Snake:4)
  A satyr (Shoals:3)
  A two-headed ogre (D:11)
  An alligator (Shoals:1)
  2 alligator snapping turtles
  9 dancing weapons
  3 death yaks (Shoals:2)
  An orc high priest (Elf:1)
  A naga sharpshooter (Snake:4)
  A shock serpent (Snake:4)
  3 deep elf knights
  2 sea snakes
  2 deep elf zephyrmancers (Elf:2)
  A naga ritualist (Snake:4)
  11 harpies
  An orc sorcerer (Elf:3)
  3 mana vipers (Snake:4)
  2 deep elf pyromancers (Elf:1)
  3 salamanders
  A faun (Shoals:3)
  5 manticores
  A naga mage (Snake:4)
  A guardian serpent (Snake:4)
  An elephant (Lair:5)
  3 black mambas (Snake:4)
  5 merfolk
  A wind drake (Shoals:1)
  A snapping turtle (Shoals:2)
  An air elemental (Elf:1)
  4 water elementals
  A hog (Snake:4)
  2 nagas (Snake:4)
  An orc (D:8)
97 creatures vanquished.

Vanquished Creatures (others)
  A deep elf knight (Elf:1)
  A deep elf zephyrmancer (Elf:3)
  A mana viper (Snake:4)
  A guardian serpent (Snake:4)
  4 humans (Snake:4)
  A yak (Lair:4)
  An orc warrior (D:9)
  A bush (D:11)
  146 foxfires
  30 fungi
  113 plants
  7 tentacles (Shoals:4)
  21 withered plants (Lair:5)
328 creatures vanquished.

Grand Total: 1503 creatures vanquished

Notes
Turn   | Place    | Note
-------+----------+-------------------------------------------
     0 | D:1      | Zonian the Djinni Ice Elementalist began the quest for the
                  | Orb.
     0 | D:1      | Zonian set off with the following spells memorised: Freeze,
                  | Frozen Ramparts, Ozocubu's Armour, Summon Ice Beast.
     0 | D:1      | Reached XP level 1. HP: 15/15 MP: 0/0
   243 | D:1      | Reached XP level 2. HP: 14/21 MP: 0/0
   408 | D:1      | Found Feqikhip's Antique Weapon Shop.
  1006 | D:2      | Reached XP level 3. HP: 12/25 MP: 0/0
  1006 | D:2      | Learned a level 1 spell: Foxfire
  2249 | D:3      | Found a faded altar of an unknown god.
  2294 | D:3      | Reached XP level 4. HP: 19/31 MP: 0/0
  2630 | D:3      | Found a white marble altar of Elyvilon.
  3330 | D:1      | Bought a glowing sling for 112 gold pieces
  3603 | D:4      | Reached XP level 5. HP: 27/35 MP: 0/0
  3603 | D:4      | Learned a level 2 spell: Momentum Strike
  3633 | D:4      | Found an iron altar of Okawaru.
  4598 | D:4      | Reached skill level 5 in Spellcasting
  4598 | D:4      | Reached XP level 6. HP: 26/40 MP: 0/0
  5157 | D:5      | Entered Level 5 of the Dungeon
  5157 | D:5      | Found Voery's Antique Armour Shop.
  5166 | D:5      | Noticed a water moccasin
  5171 | D:5      | Killed a water moccasin
  5172 | D:5      | Reached skill level 1 in Fighting
  5416 | D:5      | Bought a fading helmet for 218 gold pieces
  5416 | D:5      | Identified the +3 helmet of Notwu Tiu {Rampage rPois Int-3}
                  | (You bought it in a shop on level 5 of the Dungeon)
  5462 | D:5      | Reached XP level 7. HP: 47/48 MP: 0/0
  5462 | D:5      | Learned a level 3 spell: Portal Projectile
  5547 | D:5      | Reached skill level 2 in Fighting
  6399 | D:5      | Reached skill level 3 in Fighting
  6622 | D:5      | Reached skill level 5 in Dodging
  6745 | D:5      | Found a runed translucent door.
  6746 | D:5      | Noticed Crazy Yiuf
  6852 | D:5      | Killed Crazy Yiuf
  6853 | D:5      | Reached XP level 8. HP: 45/58 MP: 0/0
  7014 | D:5      | Reached skill level 4 in Fighting
  7145 | D:5      | Bought an embroidered robe for 85 gold pieces
  7225 | D:5      | Found a shadowy altar of Dithmenos.
  7245 | D:6      | Noticed Grinder
  7742 | D:6      | Reached skill level 5 in Fighting
  8227 | D:6      | Found a burning altar of Makhleb.
  8892 | D:6      | Paralysed by Grinder for 5 turns
  9059 | D:6      | Found a staircase to the Ecumenical Temple.
  9071 | Temple   | Entered the Ecumenical Temple
  9128 | Temple   | Became a worshipper of Ashenzari the Shackled
  9224 | D:5      | Reached XP level 9. HP: 27/66 MP: 0/0
  9224 | D:5      | Learned a level 3 spell: Vampiric Draining
  9628 | D:7      | Reached skill level 6 in Fighting
 11029 | D:7      | Reached skill level 7 in Fighting
 11645 | D:8      | Reached * piety under Ashenzari
 12316 | D:8      | Noticed Gastronok
 12387 | D:8      | Noticed Maggie
 12415 | D:8      | Killed Maggie
 12416 | D:8      | Reached XP level 10. HP: 59/75 MP: 0/0
 12710 | D:8      | Killed Gastronok
 12711 | D:8      | Reached skill level 10 in Dodging
 13193 | D:9      | Found a flagged portal.
 13215 | Bailey   | Entered a bailey
 14848 | Bailey   | Noticed an orc knight
 14848 | Bailey   | Noticed an orc knight
 15278 | D:9      | Reached skill level 5 in Stealth
 15445 | D:9      | Identified the +7 mace of Deinanoe {speed, rF+ SInv}
 15461 | D:9      | Noticed Pikel
 15477 | D:9      | Killed Pikel
 15686 | D:9      | Found a blossoming altar of Fedhas.
 15717 | D:9      | Reached XP level 11. HP: 51/79 MP: 0/0
 15717 | D:9      | Learned a level 4 spell: Animate Armour
 16019 | D:9      | Reached skill level 1 in Short Blades
 16204 | D:9      | Found a staircase to the Orcish Mines.
 16346 | D:5      | Bought a runed leather armour for 115 gold pieces
 16661 | D:10     | Entered Level 10 of the Dungeon
 16733 | D:10     | Noticed a two-headed ogre
 17279 | D:10     | Killed a two-headed ogre
 18808 | D:11     | Found a staircase to the Lair.
 18808 | D:11     | Noticed a two-headed ogre
 19260 | D:11     | Noticed a cyclops
 19278 | D:11     | Noticed a two-headed ogre
 19361 | D:11     | Killed a cyclops
 19499 | D:11     | Killed a two-headed ogre
 19583 | D:11     | Reached ** piety under Ashenzari
 19599 | D:11     | Noticed a two-headed ogre
 19616 | D:11     | Killed a two-headed ogre
 20056 | D:11     | Killed a two-headed ogre
 20057 | D:11     | Reached skill level 5 in Short Blades
 20057 | D:11     | Reached XP level 12. HP: 52/88 MP: 0/0
 20795 | Lair:1   | Entered Level 1 of the Lair of Beasts
 21605 | Lair:1   | Noticed a boulder beetle
 21626 | Lair:1   | Killed a boulder beetle
 21627 | Lair:1   | Reached skill level 8 in Fighting
 22373 | Lair:1   | Reached *** piety under Ashenzari
 22517 | Lair:1   | Noticed Erica
 22534 | Lair:1   | Killed Erica
 23342 | Lair:2   | Noticed a five-headed hydra
 23828 | Lair:2   | Reached skill level 9 in Fighting
 24133 | Lair:2   | Identified a scroll of acquirement
 24142 | Lair:2   | Acquired the +2 helmet of the Turtle {Regen+}
 24314 | Lair:2   | Noticed Amaemon
 24502 | Lair:2   | Killed Amaemon
 24503 | Lair:2   | Reached XP level 13. HP: 76/100 MP: 0/0
 24503 | Lair:2   | Learned a level 5 spell: Yara's Violent Unravelling
 25099 | Lair:2   | Noticed Sonja
 25103 | Lair:2   | Found a staircase to the Shoals.
 25106 | Lair:2   | Killed Sonja
 25107 | Lair:2   | Noticed Fannar
 25403 | Lair:2   | Killed a five-headed hydra
 25404 | Lair:2   | Reached skill level 10 in Fighting
 25807 | Lair:3   | Found a staircase to the Snake Pit.
 25889 | Lair:3   | Reached skill level 11 in Fighting
 26433 | Lair:3   | Reached XP level 14. HP: 44/112 MP: 0/0
 27207 | Lair:3   | Reached skill level 10 in Spellcasting
 28405 | Lair:4   | Reached skill level 1 in Evocations
 29079 | Lair:4   | Reached skill level 5 in Evocations
 29442 | Lair:5   | Entered Level 5 of the Lair of Beasts
 29442 | Lair:5   | Found a staircase to the Slime Pits.
 29442 | Lair:5   | Found a viscous altar of Jiyva.
 29813 | Lair:5   | Reached skill level 12 in Fighting
 31253 | Lair:5   | Reached skill level 13 in Fighting
 32115 | Lair:5   | Reached XP level 15. HP: 54/123 MP: 0/0
 32115 | Lair:5   | Learned a level 6 spell: Iron Shot
 32506 | Lair:5   | Identified the +5 flail "Bemav" {antimagic, Dex+9}
 32550 | Lair:5   | Reached skill level 14 in Fighting
 32554 | Lair:5   | HP: 5/124 [death yak simulacrum (37)]
 33606 | D:12     | Identified the +1 ring mail "Iriaqe" {rCorr Stlth+}
 33735 | D:12     | Acquired the +0 pair of gloves of Vexation {Stlth+}
 33764 | D:12     | Noticed Jorgrun
 33779 | D:12     | Found Ynealo's Magic Scroll Emporium.
 33791 | D:12     | Bought a scroll of fog for 44 gold pieces
 33791 | D:12     | Bought a scroll of teleportation for 33 gold pieces
 35781 | D:13     | Reached skill level 1 in Shields
 36275 | D:14     | Identified the ring "Xavegiob" {rElec Will+ Int-4 Dex+4}
 36381 | D:14     | Found a broken altar of Ashenzari.
 36594 | D:14     | Found a gate to the Vaults.
 37836 | D:15     | Entered Level 15 of the Dungeon
 38356 | D:15     | Reached XP level 16. HP: 123/132 MP: 0/0
 38599 | D:15     | Found a staircase to the Depths.
 39072 | D:15     | Upgraded the game from 0.30-a0-329-g85436e0a43 to
                  | 0.30-a0-331-g8ab09dc110
 39278 | Orc:1    | Entered Level 1 of the Orcish Mines
 39948 | Orc:1    | Reached skill level 1 in Armour
 40286 | Orc:2    | Entered Level 2 of the Orcish Mines
 40684 | Orc:2    | Reached skill level 1 in Ranged Weapons
 40898 | Orc:2    | Noticed Urug
 40909 | Orc:2    | Killed Urug
 41038 | Orc:2    | Noticed Saint Roka
 41130 | Orc:2    | Killed Saint Roka
 41273 | Orc:2    | Reached skill level 5 in Armour
 41282 | Orc:2    | Found Lecvusodd's Antique Armour Boutique.
 41381 | Orc:2    | Found Eshiungoo's Antique Weapon Boutique.
 41397 | Orc:2    | Found Reazesy's Jewellery Boutique.
 41413 | Orc:2    | Found Iwkaybor's General Store.
 41481 | Orc:2    | Found Etweumm's Firing Range.
 41489 | Orc:2    | Bought a throwing net for 45 gold pieces
 42079 | Orc:2    | Found a staircase to the Elven Halls.
 42332 | Orc:1    | Found Qicofoph's Distillery.
 42360 | Orc:1    | Bought 2 potions of berserk rage for 140 gold pieces
 42360 | Orc:1    | Bought a potion of might for 56 gold pieces
 42360 | Orc:1    | Bought a potion of heal wounds for 70 gold pieces
 42395 | Orc:2    | Bought a polished rapier for 234 gold pieces
 42395 | Orc:2    | Identified the +8 rapier of Temperance {venom, rC+ Will+
                  | Str+2 Stlth+} (You bought it in a shop on level 2 of the
                  | Orcish Mines)
 42598 | Snake:1  | Entered Level 1 of the Snake Pit
 45204 | Snake:1  | Reached XP level 17. HP: 122/136 MP: 0/0
 45204 | Snake:1  | Learned a level 7 spell: Summon Hydra
 46229 | Snake:2  | Reached skill level 5 in Ranged Weapons
 47546 | Snake:2  | Reached **** piety under Ashenzari
 47943 | Snake:2  | Reached skill level 10 in Short Blades
 51110 | Snake:3  | Noticed Aizul
 51135 | Snake:3  | Killed Aizul
 51706 | Snake:4  | Entered Level 4 of the Snake Pit
 51991 | Snake:4  | Reached XP level 18. HP: 122/146 MP: 0/0
 52178 | Snake:4  | Noticed Kirke
 52187 | Snake:4  | Killed Kirke
 52794 | Snake:4  | Reached skill level 1 in Throwing
 54917 | Snake:4  | Got a serpentine rune of Zot
 55309 | Shoals:1 | Entered Level 1 of the Shoals
 55426 | Shoals:1 | Reached skill level 5 in Throwing
 55761 | Shoals:1 | Found a runed translucent gate.
 55762 | Shoals:1 | Found a runed translucent gate.
 55763 | Shoals:1 | Found a runed translucent gate.
 55774 | Shoals:1 | Noticed ytrimaz's ghost (journeyman TrTm)
 56127 | Shoals:1 | Reached skill level 15 in Fighting
 56389 | Shoals:1 | Reached XP level 19. HP: 33/153 MP: 0/0
 56389 | Shoals:1 | Learned a level 6 spell: Dispersal
 57018 | Shoals:2 | Reached ***** piety under Ashenzari
 57647 | Shoals:2 | Noticed Polyphemus
 57678 | Shoals:1 | Killed Polyphemus
 58979 | Shoals:3 | Identified Roxanne's Omnibus of Clay
 58979 | Shoals:3 | Noticed Roxanne
 59487 | Shoals:3 | Reached skill level 16 in Fighting
 59939 | Shoals:4 | Entered Level 4 of the Shoals
 61017 | Shoals:4 | Identified the Discourse on Lithic Malediction
 61243 | Shoals:4 | Found the +4 robe of Folly {Brilliance Will-∞ Int+8}
 61883 | Shoals:4 | Got a barnacled rune of Zot
 62391 | Elf:1    | Entered Level 1 of the Elven Halls
 63027 | Elf:1    | Reached XP level 20. HP: 165/166 MP: 0/0
 63062 | Elf:1    | Found a huge runed gate.
 63062 | Elf:1    | Found a huge runed gate.
 63062 | Elf:1    | Found a huge runed gate.
 63062 | Elf:1    | Found a huge runed gate.
 63064 | Elf:1    | Found a huge runed gate.
 63064 | Elf:1    | Found a huge runed gate.
 63066 | Elf:1    | Found a huge runed gate.
 63066 | Elf:1    | Found a huge runed gate.
 63068 | Elf:1    | Found a huge runed gate.
 63069 | Elf:1    | Found a huge runed gate.
 63070 | Elf:1    | Found a huge runed gate.
 63071 | Elf:1    | Found a huge runed gate.
 63072 | Elf:1    | Found a huge runed gate.
 63073 | Elf:1    | Found a huge runed gate.
 63080 | Elf:1    | Found a huge runed gate.
 63080 | Elf:1    | Found a huge runed gate.
 63080 | Elf:1    | Found a huge runed gate.
 63080 | Elf:1    | Found a huge runed gate.
 63081 | Elf:1    | Found a huge runed gate.
 63082 | Elf:1    | Found a huge runed gate.
 63083 | Elf:1    | Found a huge runed gate.
 63084 | Elf:1    | Found a huge runed gate.
 63085 | Elf:1    | Found a huge runed gate.
 63096 | Elf:1    | Found a huge runed gate.
 63096 | Elf:1    | Found a huge runed gate.
 63096 | Elf:1    | Found a huge runed gate.
 63096 | Elf:1    | Found a huge runed gate.
 63097 | Elf:1    | Found a huge runed gate.
 63098 | Elf:1    | Found a huge runed gate.
 63099 | Elf:1    | Found a huge runed gate.
 63100 | Elf:1    | Found a huge runed gate.
 63101 | Elf:1    | Found a huge runed gate.
 63125 | Elf:1    | Reached skill level 15 in Spellcasting
 63135 | Elf:1    | Found Esec's Distillery.
 63144 | Elf:1    | Bought a potion of invisibility for 144 gold pieces
 63144 | Elf:1    | Bought a potion of haste for 180 gold pieces
 63144 | Elf:1    | Bought a potion of might for 72 gold pieces
 63144 | Elf:1    | Bought a potion of heal wounds for 90 gold pieces
 63144 | Elf:1    | Bought a potion of cancellation for 144 gold pieces
 63381 | Elf:1    | Found Rexeph's Antique Weapon Shop.
 63390 | Elf:1    | Found Pueh's Weapon Emporium.
 63390 | Elf:1    | Noticed Zenata
 63602 | Elf:1    | Noticed an Ice Fiend
 63953 | Elf:1    | Reached skill level 10 in Evocations
 63972 | Elf:1    | Found Rueckurph's Book Boutique.
 64460 | Elf:1    | Found Eptav's Weapon Shoppe.
 64481 | Elf:1    | Noticed Frances
 64498 | Elf:1    | Killed Frances
 64565 | Elf:1    | Reached skill level 17 in Fighting
 64671 | Elf:1    | Identified the Treatise on Arcane Weapons
 64891 | Elf:1    | Noticed idiolect's ghost (journeyman HOFi)
 64891 | Elf:1    | Noticed MrSquiggles's ghost (adept MiFi)
 64891 | Elf:1    | Noticed Ziureph's ghost (journeyman TrFi)
 64891 | Elf:1    | Noticed Novon's ghost (adept DsGl)
 64891 | Elf:1    | Noticed Sorrimu's ghost (adept DsDe)
 64891 | Elf:1    | Noticed Veiv's ghost (adept OpAE)
 64891 | Elf:1    | Noticed Opizon's ghost (journeyman TrFi)
 65078 | Elf:1    | Killed Opizon's ghost
 65152 | Elf:1    | Killed Sorrimu's ghost
 65538 | Orc:2    | Killed Ziureph's ghost
 65725 | Elf:1    | Killed idiolect's ghost
 65901 | Elf:1    | Killed Novon's ghost
 66093 | Orc:2    | Killed MrSquiggles's ghost
 66410 | Elf:1    | Killed Veiv's ghost
 66798 | Elf:1    | Killed Zenata
 67049 | Elf:1    | Noticed Asterion
 67053 | Elf:1    | Killed Asterion
 67852 | Elf:2    | Found a runed translucent gate.
 67853 | Elf:2    | Found a runed translucent gate.
 67853 | Elf:2    | Found a runed translucent gate.
 68695 | Elf:2    | Reached XP level 21. HP: 114/176 MP: 0/0
 68695 | Elf:2    | Learned a level 7 spell: Spellforged Servitor
 68806 | Elf:2    | Reached skill level 18 in Fighting
 69379 | Elf:3    | Entered Level 3 of the Elven Halls
 69519 | Elf:3    | Found Zonukabb's Jewellery Shoppe.
 69521 | Elf:3    | Found Exkihol's Book Shop.
 69521 | Elf:3    | Found Qyhet's Jewellery Shoppe.
 70031 | Elf:3    | Identified the +3 hand axe of Context {vorpal, SInv}
 71050 | Elf:3    | Identified the +6 short sword of Upheaval {holy, rN+ Will+
                  | Int+3 Dex+3}
 72235 | Elf:3    | Identified the +6 scale mail of Analysis {rF+ Str+2 Dex+2
                  | SInv}
 72256 | Elf:3    | Killed from afar by a ghostly deep elf death mage

Illustrated notes

Levels and vault maps discovered:
D:1:      wander_arrival_fairy_ring, layout_loops_corners, serial_shops,
          shop_statue
D:2:      minmay_chambers_of_ones, layout_rooms, minmay_pentomino_s4
D:3:      layout_rooms, amcnicky_altar_gilded,
          hellmonk_ecumenical_altar_heavens_door
D:4:      layout_basic, general_overflow_altar, minmay_misc_feat_room
D:5:      layout_cave_pools, amethyst_overflow_temple_binary, serial_shops,
          shop, uniq_crazy_yiuf_cottage
D:6:      layout_cave_pools, makhleb_heckhound_becter,
          minmay_temple_entry_glassed_door, uniq_grinder
D:7:      layout_loops_corners, nicolae_vehumet_altar_sigil
D:8:      layout_cave_pods, uniq_gastronok, uniq_maggie
D:9:      layout_roguey, fedhas_bush_and_centaur_altar, hiddenorc1_lemuel,
          enter_bailey_5, uniq_pikel
D:10:     layout_rooms, feat_on_display
D:11:     layout_basic, minmay_lair_entry_grove
D:12:     layout_gridville, serial_shops, nicolae_shop_hallway_plus,
          kennysheep_dice, uniq_jorgrun
D:13:     layout_stronghold
D:14:     layout_cave_pools, ximxim_vaults_locker_room,
          lemuel_coloured_pillars_altar
D:15:     grunt_enter_depths_magical_seal, layout_basic, serial_park_gazebo
          [serial_park_minivault_5x5_7], lemuel_another_geyser
Temple:   minmay_freezing_vapour_temple
Lair:1:   layout_long_grid, cheibrodos_lair_reptile_den, uniq_erica
Lair:2:   layout_cave_shapes, minmay_shoals_entry_centaurs, st_stairs_8,
          grunt_megastairs_4, infiniplex_staircase_pool_2, uniq_amaemon,
          uniq_sonja, uniq_fannar
Lair:3:   layout_layer_cave, guppyfry_snake_entry_garden, grunt_megastairs_1,
          serial_bayou_shore_a, lemuel_fruit_tree
Lair:4:   layout_long_grid, infiniplex_staircase_pool
Lair:5:   due_jungle_book, layout_cave_pods, minmay_slime_entry_jelly_boxes,
          basic_altar, nicolae_lair_yak_garden
Shoals:1: layout_shoals, ebering_ghost_rock_garden,
          nicolae_shoals_goliath_grotto
Shoals:2: layout_shoals, uniq_polyphemus
Shoals:3: layout_shoals, uniq_roxanne
Shoals:4: shoals_end_grunt_ice, layout_shoals
Snake:1:  layout_grid_shapes, serial_bayou_shore_b
Snake:2:  layout_grid_maze
Snake:3:  layout_honeycomb, grunt_megastairs_2, uniq_aizul
Snake:4:  grunt_snake_rune_pools, layout_layer_cave, uniq_kirke
Orc:1:    layout_diamond_mine, serial_shops, nicolae_shop_waterfront
Orc:2:    grunt_orc_cross, layout_caves, portal_ice_cave_demonic_guard,
          nicolae_shop_firing_range
Elf:1:    nicolae_elf_arrival_no_cutting_in_line, layout_geoelf_octagon,
          serial_shops, nicolae_shop_temple_entry_statues_fountains,
          nicolae_shop_bloodbath_and_beyond, nicolae_shop_statue_plus, shop,
          nicolae_square_shop, gammafunk_ghost_door_vault,
          minmay_elf_annihilation, minivault_27, uniq_frances, uniq_asterion,
          uniq_zenata
Elf:2:    nicolae_elf_blades_crystal_corner, layout_geoelf_diagonals
Elf:3:    nooodl_elf_gasket, layout_geoelf_octagon, minmay_shop_grove,
          uniq_saint_roka

Skill      XL: |  1  2  3  4  5  6  7  8  9 10 11 12 13 14 15 16 17 18 19 20 21 |
---------------+----------------------------------------------------------------+-----
Stealth        | 2 3 5 7 8 |  8.0
Spellcasting   | 4 5 6 8 9 10 11 13 14 15 16 | 16.4
Dodging        | 3 5 7 9 10 12 | 12.6
Fighting       | 1 3 5 7 9 11 13 14 15 16 17 18 | 18.7
Short Blades   | 5 6 7 8 9 11 12 | 12.1
Evocations     | 5 6 9 10 12 | 12.2
Shields        | 2 |  2.1
Armour         | 5 9 |  9.0
Ranged Weapons | 4 6 |  6.0
Throwing       | 6 |  6.0

Action                   |  1- 3 |  4- 6 |  7- 9 | 10-12 | 13-15 | 16-18 | 19-21 || total
-------------------------+-------+-------+-------+-------+-------+-------+-------++-------
Melee: Unarmed           |     4 |       |       |       |       |       |       ||     4
       Short sword       |    56 |   105 |   322 |   573 |  1507 |   307 |       ||  2870
       Punch             |     1 |     1 |     2 |    11 |    42 |       |       ||    57
       Mace              |       |       |       |     4 |    28 |       |       ||    32
       Rapier            |       |       |       |       |       |   857 |   975 ||  1832
 Fire: Sling             |     8 |       |     3 |   102 |    39 |   131 |    58 ||   341
Throw: Dart              |       |       |       |       |     3 |       |       ||     3
       Throwing net      |       |       |       |       |       |     2 |       ||     2
       Boomerang         |       |       |       |       |       |     1 |       ||     1
       Javelin           |       |       |       |       |       |       |     1 ||     1
 Cast: Freeze            |    34 |     4 |       |       |       |       |       ||    38
       Frozen Ramparts   |       |     2 |    14 |    19 |    27 |    37 |    12 ||   111
       Ozocubu's Armour  |       |       |     1 |     9 |    32 |     5 |     7 ||    54
       Foxfire           |       |       |     4 |    18 |    10 |    43 |     6 ||    81
       Momentum Strike   |       |       |     2 |     4 |     3 |       |       ||     9
       Summon Ice Beast  |       |       |     3 |     8 |     5 |    11 |    34 ||    61
       Vampiric Draining |       |       |     1 |       |    16 |       |     2 ||    19
       Portal Projectile |       |       |       |     6 |     5 |    10 |       ||    21
       Animate Armour    |       |       |       |     1 |       |     3 |     1 ||     5
       Iron Shot         |       |       |       |       |    16 |   111 |   137 ||   264
       Summon Hydra      |       |       |       |       |       |    19 |    53 ||    72
       Dispersal         |       |       |       |       |       |       |     5 ||     5
       Spellforged Servi |       |       |       |       |       |       |     9 ||     9
Invok: Curse Item        |       |       |     2 |     3 |     2 |     2 |     2 ||    11
       Shatter the Chain |       |       |       |     1 |     1 |     1 |     1 ||     4
Evoke: Wand              |       |       |     3 |    15 |    11 |    10 |     9 ||    48
       Tin of tremorston |       |       |       |       |     2 |     2 |     2 ||     6
       Phantom mirror    |       |       |       |       |       |     1 |     1 ||     2
       Lightning rod     |       |       |       |       |       |     1 |     8 ||     9
  Use: Scroll            |     7 |     5 |     8 |    10 |    13 |     5 |    11 ||    59
       Potion            |       |       |       |     2 |     5 |     1 |     6 ||    14
 Stab: Sleeping          |     4 |     2 |     1 |     8 |    26 |    47 |    48 ||   136
       Distracted        |       |       |     2 |     5 |     2 |     5 |    10 ||    24
       Invisible         |       |       |     1 |       |       |       |       ||     1
       Petrifying        |       |       |       |       |     1 |       |       ||     1
       Paralysed         |       |       |       |       |       |     2 |       ||     2
Armor: Robe              |    15 |    17 |    83 |   108 |   240 |   133 |    35 ||   631
       Ring mail         |       |       |       |       |       |       |    91 ||    91
Dodge: Dodged            |    56 |    44 |   225 |   545 |   795 |   750 |   435 ||  2850
Block: Buckler           |       |       |       |       |    41 |   493 |   383 ||   917
       Reflection        |       |       |       |       |       |    44 |    49 ||    93

Table legend: (Time is in decaauts)
 A = Elapsed time spent in this place.
 B = Non-inter-level travel time spent in this place.
 C = Inter-level travel time spent in this place.
 D = Time resting spent in this place.
 E = Time spent auto-exploring this place.
 F = Levels seen in this place.
 G = Mean time per level.
                   A        B        C        D        E       F      G
               +--------+--------+--------+--------+--------+-----+--------+
         Total |  70698 |  68011 |   2687 |  34361 |  17433 |  35 | 2019.9 |
       Dungeon |  25317 |  24012 |   1305 |  11287 |   8423 |  15 | 1687.8 |
        Temple |     62 |     62 |      0 |      0 |      0 |   1 |   62.0 |
          Lair |  13144 |  12704 |    440 |   7384 |   2225 |   5 | 2628.8 |
        Shoals |   6623 |   6414 |    209 |   2196 |   2516 |   4 | 1655.8 |
     Snake Pit |  11142 |  10805 |    337 |   5379 |   2413 |   4 | 2785.5 |
  Orcish Mines |   4088 |   3805 |    283 |   2061 |    793 |   2 | 2044.0 |
   Elven Halls |   8295 |   8185 |    110 |   4782 |   1063 |   3 | 2765.0 |
        Bailey |   2022 |   2022 |      0 |   1271 |      0 |   1 | 2022.0 |
               +--------+--------+--------+--------+--------+-----+--------+

Top non-repeatable levels by time:
  Lair:3: 3974 daAuts
  Lair:5: 3778 daAuts
   Orc:2: 3401 daAuts
 Snake:4: 3353 daAuts
   Elf:1: 3299 daAuts
 Snake:3: 3067 daAuts
     D:5: 3026 daAuts
   Elf:3: 2801 daAuts
 Snake:2: 2623 daAuts
    D:10: 2294 daAuts
   Elf:2: 2194 daAuts
    D:11: 2184 daAuts
  Lair:1: 2170 daAuts
 Snake:1: 2098 daAuts
Shoals:4: 2095 daAuts
